 Dungeon Crawl Stone Soup version 0.16.1-4-g8e1b745 (webtiles) character file.

107 inmateoo the Sneak (level 4, -4/23 HPs)
             Began as a Spriggan Assassin on Mar 28, 2015.
             Was an Initiate of Okawaru.
             Killed by nerve-wracking pain
             ... invoked by Grinder
              (13 damage)
             ... on level 3 of the Dungeon.
             The game lasted 00:03:35 (1368 turns).

inmateoo the Sneak (Spriggan Assassin)              Turns: 1368, Time: 00:03:35

Health: -4/23      AC:  6    Str:  7    XL:     4   Next: 56%
Magic:  10/10      EV: 18    Int: 12    God:    Okawaru [......]
Gold:   180        SH:  2    Dex: 18    Spells: 0 memorised, 5 levels left

rFire  . . .     SeeInvis +     a - +3 dagger
rCold  . . .     Clarity  .     c - +0 robe
rNeg   + . .     SustAb   .     (shield restricted)
rPois  .         Gourm    .     (helmet restricted)
rElec  .         Spirit   .     d - +1 cloak
rCorr  .         Warding  .     (gloves unavailable)
rMut   .         Stasis   .     (boots unavailable)
MR     .....                    (no amulet)
Stlth  ++++......               (no ring)
                                m - ring of positive energy

@: very quick, not resistant to hostile enchantments, stealthy
A: unfitting armour, large bone plates 1, see invisible, herbivore 3, speed 3,
slow metabolism 2
a: Renounce Religion


You were on level 3 of the Dungeon.
You worshipped Okawaru.
Okawaru was noncommittal.
You were not hungry.

You visited 1 branch of the dungeon, and saw 3 of its levels.

You collected 180 gold pieces.

Inventory:

Hand weapons
 a - a +3 dagger (weapon)
 b - a +0 blowgun
Missiles
 e - 8 poisoned needles
 f - 2 curare-tipped needles
Armour
 c - a +0 robe (worn)
 d - a +1 cloak (worn)
Jewellery
 m - a ring of positive energy (left hand)
Scrolls
 j - a scroll of enchant weapon
Potions
 h - a potion of brilliance
 l - a potion of heal wounds
 n - 2 potions of curing
 p - a potion of restore abilities
Comestibles
 g - 3 bread rations


   Skills:
 + Level 1.8 Fighting
 * Level 3.4 Short Blades
 + Level 3.1 Throwing
 + Level 3.0 Dodging
 + Level 6.2 Stealth
 + Level 1.4 Spellcasting


You had 5 spell levels left.
You didn't know any spells.

Dungeon Overview and Level Annotations

Branches:
Dungeon (3/15)

Altars:
Okawaru
The Shining One

Annotations:
D:3 Grinder


Innate Abilities, Weirdness & Mutations

You are tiny and cannot use many weapons and most armour.
You have supernaturally acute eyesight.
You are a herbivore.
You cover ground extremely quickly.
You need consume almost no food.
You are partially covered in large bone plates (AC +2, SH +2).


Message History

Okawaru accepts your kill.
No target in view!
No target in view!
You see here 12 stones.
You now have 180 gold pieces (gained 4).
You see here 3 stones.
Grinder comes into view.
Grinder shouts!
Grinder gestures at you.
You suddenly lose the ability to move!
Found a scroll of identify and 25 stones.
Grinder hits you. Grinder gestures at you. Pain shoots through your body!
You can move again.
Unknown command.
Grinder gestures at you. Pain shoots through your body!
Ouch! That really hurt!
You die...

###########.......##
#.............###..#
# #....††.......#
##.†# ..
#....((...).#.##
##... ....
######.####....#
###.....( #.#
###..### ...... #.#
#....#####...... #.#
##.....5........?
#.# ##@####.........
##.###### #..#
#......... #.......#
##...#........
#.......#
##.#........
#.......#####
........##
#...........[.
....<..####
###.#.#######
...........##
#.......#
##........#...
##.####.########
#........


You could see Grinder.

Vanquished Creatures
  A vampire bat (D:3)
  An adder (D:2)
  2 giant mites
  2 orcs (D:3)
  10 bats
  5 giant cockroaches
  A hobgoblin (D:1)
  2 jackals (D:3)
  A quokka (D:3)
  A ball python (D:1)
  2 giant newts
  4 goblins
  3 kobolds
  6 rats
41 creatures vanquished.

Notes
Turn   | Place    | Note
--------------------------------------------------------------
     0 | D:1      | inmateoo, the Spriggan Assassin, began the quest for the Orb.
     0 | D:1      | Reached XP level 1. HP: 10/10 MP: 2/2
   155 | D:1      | Reached XP level 2. HP: 12/14 MP: 4/4
   196 | D:1      | Reached skill level 6 in Stealth
   443 | D:2      | Found an iron altar of Okawaru.
   448 | D:2      | Became a worshipper of Warmaster Okawaru
   707 | D:2      | Found a glowing golden altar of the Shining One.
   742 | D:2      | Reached XP level 3. HP: 12/18 MP: 6/6
  1089 | D:3      | Gained mutation: You are partially covered in large bone plates (AC +2, SH +2). [potion of beneficial mutation]
  1158 | D:3      | Reached skill level 1 in Spellcasting
  1158 | D:3      | Reached XP level 4. HP: 20/23 MP: 8/10
  1359 | D:3      | Noticed Grinder
  1360 | D:3      | Paralysed by Grinder for 3 turns
  1368 | D:3      | Killed from afar by Grinder

Action                   |  1- 3 |  4- 6 || total
-------------------------+-------+-------++-------
Melee: Dagger            |    96 |    31 ||   127
 Fire: Blowgun           |     2 |       ||     2
  Use: Scroll            |    11 |     1 ||    12
       Potion            |     1 |       ||     1
 Stab: Sleeping          |     7 |       ||     7
       Distracted        |     1 |     1 ||     2
